 Dungeon Sprint DCSS version 0.20-a0-29-g41cc41e (webtiles) character file.

2072 Naow the Fencer (level 9, -2/111 HPs)
             Began as a Deep Dwarf Fighter on Nov 7, 2016.
             Was a Priest of Makhleb.
             Slain by a 13-headed hydra (4 damage)
             ... in the Dungeon (Sprint IX: "|||||||||||||||||||||||||||||").
             The game lasted 00:03:25 (335 turns).

Naow the Fencer (Deep Dwarf Fighter)                 Turns: 335, Time: 00:03:27

Health: -2/111     AC: 13    Str: 28    XL:     9   Next: 5%
Magic:  9/9        EV:  7    Int: 12    God:    Makhleb [***...]
Gold:   31         SH: 10    Dex: 12    Spells: 0 memorised, 8 levels left

rFire  . . .     SeeInvis .     q - +2 scimitar (holy)
rCold  . . .     Gourm    .     t - +0 plate armour
rNeg   . . .     Faith    .     c - +0 shield
rPois  .         Spirit   .     (no helmet)
rElec  .         Reflect  .     (no cloak)
rCorr  .         Harm     .     s - +0 pair of gloves
MR     +....     NoTele   +     r - +0 pair of boots
Stlth  ..........               (no amulet)
                                u - +3 ring of intelligence
                                v - +2 ring of evasion

@: berserking (expiring), non-regenerating, very quick
A: damage resistance, recharge devices, sense surroundings 2, slow regeneration
3
a: Device Recharging, Minor Destruction, Lesser Servant of Makhleb, Renounce
Religion


You were in the Dungeon.
You worshipped Makhleb.
Makhleb was most pleased with you.
You were not hungry.

You visited 1 branch You collected 31 gold pieces.

Inventory:

Hand Weapons
 a - a +0 long sword
 q - a +2 scimitar of holy wrath (weapon)
Armour
 b - a +0 scale mail
 c - a +0 shield (worn)
 r - a +0 pair of boots (worn)
 s - a +0 pair of gloves (worn)
 t - a +0 plate armour (worn)
Jewellery
 u - a +3 ring of intelligence (right hand)
 v - a +2 ring of evasion (left hand)
Wands
 e - a wand of heal wounds (3/9)
 p - a wand of lightning (7/15)
Scrolls
 l - 3 scrolls of blinking
 n - 4 scrolls of remove curse
 o - 2 scrolls of amnesia
 x - 2 scrolls of identify
 y - a scroll of fear
Potions
 d - a potion of invisibility
 g - 8 potions of curing
 h - 5 potions of heal wounds
 i - a potion of haste
 j - 4 potions of magic
 w - a potion of agility
Comestibles
 f - a bread ration
 m - 7 chunks of flesh


   Skills:
 - Level 2.6 Fighting
 + Level 18.8 Long Blades
 - Level 3.2 Armour
 - Level 3.2 Shields


You had 8 spell levels left.
You didn't know any spells.

Dungeon Overview and Level Annotations

Branches:
Dungeon (1/1)

Altars:
Cheibriados
Dithmenos
Elyvilon
Fedhas
Gozag
Hepliaklqana
Kikubaaqudgha
Makhleb
Nemelex Xobeh
Okawaru
Qazlal
Ru
Sif Muna
Trog
Uskayaw
Vehumet
Xom
Yredelemnul
Zin
The Shining One
Beogh
Jiyva
Lugonu


Innate Abilities, Weirdness & Mutations

You are resistant to damage.
You can recharge devices by infusing magical energy.
You passively map the area around you.
You do not regenerate.


Message History

The 11-headed hydra bites you!
* * * LOW HITPOINT WARNING * * *
The 11-headed hydra barely misses you. The 11-headed hydra bites you.
You block the 11-headed hydra's attack. x3
The 11-headed hydra barely misses you. The 11-headed hydra bites you.
* * * LOW HITPOINT WARNING * * *
The 11-headed hydra bites you!
* * * LOW HITPOINT WARNING * * *
You are too berserk!
You are too berserk!
You hack one of the 11-headed hydra's heads off!
The ten-headed hydra grows two more!
You slash the 12-headed hydra!
The 12-headed hydra is almost dead.
You chop one of the 12-headed hydra's heads off!
The 11-headed hydra grows two more!
You slash the 13-headed hydra!
The 13-headed hydra is almost dead.
The 13-headed hydra bites you.
* * * LOW HITPOINT WARNING * * *
You block the 13-headed hydra's attack. The 13-headed hydra bites you!
You die...

* ,*
▓.▓_▓ , *
,▓l▓.▓_▓
* , , , *
▓F▓.▓_▓ ,
* *
▓D▓.▓_▓
+*,*
▓F▓.▓_▓
*, ,
▓l▓.▓_▓ *
▓r▓.▓_▓
,*,*,* *
* ▓D▓.▓_▓
, * ,*
,▓@▓.▓_▓
* ▓.▓.▓_▓
,* , ,*
▓.▓.▓_▓ *
,*,
,▓.▓.▓_▓
,* ,
▓.▓.▓_▓ ,
, , ,*
▓.▓.▓'▓ *
,
*,▓.▓.▓.▓
* *,
▓.▓.▓.▓ ,
* ▓.▓.▓.▓


You could see a 13-headed hydra, a four-headed hydra, a spiny frog, 2 basilisks,
a bullfrog and a porcupine.

Vanquished Creatures
  A centaur warrior (D)
  A hydra (D)
  A troll (D)
  A hippogriff (D)
  An orc warrior (D)
  A phantom (D)
  A crimson imp (D)
  A hound (D)
  An iguana (D)
  A worker ant (D)
  An orc wizard (D)
  An adder (D)
  An ooze (D)
  2 adder skeletons (D)
  A leopard gecko (D)
  A bat skeleton (D)
  A jackal (D)
  A kobold (D)
  A bat (D)
  A frilled lizard (D)
  A goblin (D)
  A rat (D)
23 creatures vanquished.

Notes
Turn   | Place    | Note
-------+----------+-------------------------------------------
     0 | D        | Naow the Deep Dwarf Fighter began the quest for the Orb.
     0 | D        | Reached XP level 1. HP: 20/20 MP: 1/1
    14 | D        | Reached skill level 3 in Long Blades
    28 | D        | Noticed a phantom
    28 | D        | Noticed a crimson imp
    33 | D        | Killed a crimson imp
    33 | D        | Reached skill level 6 in Long Blades
    33 | D        | Reached XP level 2. HP: 27/27 MP: 2/2
    33 | D        | Reached XP level 3. HP: 33/33 MP: 3/3
    45 | D        | Reached skill level 7 in Long Blades
    52 | D        | Killed a phantom
    52 | D        | Reached skill level 10 in Long Blades
    52 | D        | Reached XP level 4. HP: 25/40 MP: 4/4
    52 | D        | Reached XP level 5. HP: 29/46 MP: 5/5
    56 | D        | Found a roughly hewn altar of Beogh.
    56 | D        | Found a snail-covered altar of Cheibriados.
    56 | D        | Found a shadowy altar of Dithmenos.
    56 | D        | Found a white marble altar of Elyvilon.
    56 | D        | Found a blossoming altar of Fedhas.
    56 | D        | Found an opulent altar of Gozag.
    57 | D        | Found a hazy altar of Hepliaklqana.
    58 | D        | Found a viscous altar of Jiyva.
    59 | D        | Found an ancient bone altar of Kikubaaqudgha.
    60 | D        | Found a corrupted altar of Lugonu.
    61 | D        | Found a burning altar of Makhleb.
    62 | D        | Found a sparkling altar of Nemelex Xobeh.
    63 | D        | Found an iron altar of Okawaru.
    64 | D        | Found a stormy altar of Qazlal.
    65 | D        | Found a sacrificial altar of Ru.
    66 | D        | Found a deep blue altar of Sif Muna.
    67 | D        | Found a bloodstained altar of Trog.
    68 | D        | Found a hide-covered altar of Uskayaw.
    69 | D        | Became a worshipper of Makhleb the Destroyer
    70 | D        | Found a radiant altar of Vehumet.
    71 | D        | Found a shimmering altar of Xom.
    72 | D        | Found a basalt altar of Yredelemnul.
    73 | D        | Found a glowing silver altar of Zin.
    74 | D        | Found a glowing golden altar of the Shining One.
   127 | D        | Noticed an orc warrior
   127 | D        | Noticed a troll
   133 | D        | Killed a troll
   133 | D        | Reached skill level 13 in Long Blades
   133 | D        | Reached XP level 6. HP: 44/55 MP: 6/6
   142 | D        | Killed an orc warrior
   142 | D        | Reached * piety under Makhleb
   142 | D        | Reached skill level 14 in Long Blades
   153 | D        | Reached ** piety under Makhleb
   163 | D        | Noticed a centaur warrior
   163 | D        | Noticed a hippogriff
   181 | D        | Reached XP level 7. HP: 54/61 MP: 7/7
   192 | D        | Killed a hippogriff
   192 | D        | Reached *** piety under Makhleb
   192 | D        | Reached skill level 15 in Long Blades
   199 | D        | Killed a centaur warrior
   199 | D        | Reached skill level 17 in Long Blades
   199 | D        | Reached XP level 8. HP: 68/68 MP: 8/8
   317 | D        | Noticed a spiny frog
   317 | D        | Noticed a four-headed hydra
   317 | D        | Noticed a seven-headed hydra
   324 | D        | Killed a 13-headed hydra
   324 | D        | Reached skill level 18 in Long Blades
   324 | D        | Gained mutation: You passively map the area around you. [Deep Dwarf growth]
   324 | D        | Reached XP level 9. HP: 44/74 MP: 9/9
   325 | D        | Noticed a four-headed hydra
   333 | D        | HP: 4/111 [11-headed hydra (10)]
   335 | D        | Slain by a 13-headed hydra

Vault maps used:
D:        linesprint

Skill      XL: |  1  2  3  4  5  6  7  8 |
---------------+-------------------------+-----
Long Blades    | 6 10 13 14 17 18 | 18.8
Fighting       | |  2.6
Armour         | |  3.2
Shields        | |  3.2

Action                   |  1- 3 |  4- 6 |  7- 9 || total
-------------------------+-------+-------+-------++-------
Melee: Long sword        |    33 |       |       ||    33
       Scimitar          |       |    41 |    33 ||    74
Evoke: Wand              |       |     2 |       ||     2
  Use: Potion            |     1 |       |     1 ||     2
Armor: Scale mail        |    10 |       |       ||    10
       Plate armour      |       |    14 |    25 ||    39
Dodge: Dodged            |    10 |    10 |     9 ||    29
Block: Shield            |    15 |    13 |    24 ||    52
       Rpst.: Long sword |     6 |       |       ||     6
       Scimitar          |       |     1 |       ||     1
